cohdb
Replays
Latest Replays
All Replays
Popular Replays
Top Player Replays
Match Explorer
How It Works
Community
CoH3 Stats
Reddit
Sign in to upload your games and track your stats! →
Sign in with Steam
Match 42254531
Unlisted
Match 42254531
Overview
Messages
Build Orders
End
Construct Barracks
Engineer Squad
Selects Special Operations Battlegroup
Riflemen Squad
1⁄4-ton 4x4 Truck
M1 Mortar Team
Construct Weapon Support Center
Selects M29 Weasel with M1 Pack Howitzer
M29 Weasel with M1 Pack Howitzer
Grenade Package
Mechanized Support Center
Riflemen Squad
M1919 Machine Gun Team
M3 Armored Personnel Carrier
Designate Forward Repair Station
M1919 Machine Gun Team
Construct Tank Depot
Selects P-47 Anti-Infantry Loiter
P-47 Anti-Infantry Loiter
Selects Raiding Flares
Riflemen Squad
Riflemen Squad
M4A1 Sherman Medium Tank
Selects UNKNOWN (2162291)
[GG]Onkel Stonkel
[GG]Quiq
Kubaaaa
Pik7
0
0
Comments
sign in to comment!
No comments posted yet!